 Dungeon Crawl Stone Soup version 0.30-a0-989-g0d87f670db (webtiles) character file.

Game seed: 13165419046724254243

5234 DeathPants the Twirler (level 10, -2/53 HPs)
             Began as a Vine Stalker Gladiator on Apr 2, 2023.
             Was an Initiate of Gozag.
             Slain by a freezing wraith (17 damage)
             ... on level 7 of the Dungeon.
             The game lasted 00:19:23 (5823 turns).

DeathPants the Twirler (Vine Stalker Gladiator)     Turns: 5823, Time: 00:19:23

Health: -2/53      AC: 12    Str: 17    XL:     10   Next: 61%
Magic:  0/29       EV: 13    Int: 12    God:    Gozag
Gold:   1069       SH:  0    Dex: 16    Spells: 15/22 levels left

rFire   + . .      SeeInvis .    a - +0 quarterstaff
rCold   . . .      Faith    .    (shield currently unavailable)
rNeg    . . .      Spirit   +    x - +2 leather armour {rF+}
rPois   .          Reflect  .    c - +1 helmet
rElec   .          Rampage  .    v - +1 cloak
rCorr   .                        (no gloves)
Will    +....                    y - +1 pair of boots
Stlth   +                        f - amulet of regeneration
HPRegen 1.88/turn                s - +4 ring of slaying
MPRegen 0.21/turn                n - ring of magical power

@: slowed, very slow
A: fangs 3, regeneration 1, magic shield, antimagic bite, no potion heal 2
a: Renounce Religion, Potion Petition, Call Merchant, Bribe Branch


You were on level 7 of the Dungeon.
You worshipped Gozag.
Gozag was most pleased with you.
You visited 2 branches of the dungeon, and saw 9 of its levels.

You collected 1120 gold pieces.
You paid 51 gold pieces to Gozag.

Inventory:

Hand Weapons
 a - a +0 quarterstaff (weapon)
Missiles
 l - 14 poisoned darts (quivered)
 q - 9 boomerangs
Armour
 c - a +1 helmet (worn)
 r - a +4 scale mail of fire resistance
 v - a +1 cloak (worn)
 x - a +2 leather armour of fire resistance (worn)
 y - a +1 pair of boots (worn)
Jewellery
 f - an amulet of regeneration (around neck)
 n - a ring of magical power (right hand)
 s - a +4 ring of slaying (left hand)
Wands
 j - a wand of roots (9)
 o - a wand of flame (1)
 t - a wand of paralysis (14)
 w - a wand of polymorph (7)
Scrolls
 b - 3 scrolls of amnesia
 h - 6 scrolls of teleportation
 k - 3 scrolls of blinking
 B - a scroll of enchant weapon {unknown}
Potions
 g - 2 potions of lignification
 i - a potion of brilliance
 m - 2 potions of haste
 p - 2 potions of attraction {unknown}
 u - a potion of degeneration {unknown}
 z - a potion of curing {unknown}
 A - a potion of resistance {unknown}
 C - a potion of mutation {unknown}


   Skills:
 + Level 6.9 Fighting
 + Level 7.3 Staves
 - Level 1.7 Throwing
 - Level 3.7 Armour
 - Level 3.3 Dodging
 + Level 6.6 Spellcasting
 + Level 5.0 Necromancy
 - Level 5.0 Translocations


You had 15 spell levels left.
You knew the following spells:

 Your Spells              Type           Power      Damage    Failure   Level
a - Blink                 Tloc           30%        N/A       4%          2
b - Agony                 Necr           16%        N/A       56%         5

Your spell library contained the following spells:

 Spells                   Type           Power      Damage    Failure   Level
 Necrotise                Necr           64%        1d7       2%          1
 Lesser Beckoning         Tloc           30%        N/A       4%          2
 Vampiric Draining        Necr           16%        2d7       8%          3
 Momentum Strike          Conj/Tloc      18%        3d8       11%         2
 Borgnjor's Vile Clutch   Necr/Erth      5%         N/A       89%         5
 Alistair's Intoxication  Tmut/Pois      2%         N/A       99%         5
 Eringya's Noxious Bog    Tmut/Pois      1%         N/A       100%        6


Dungeon Overview and Level Annotations

Branches:
Dungeon (8/15)             Temple (1/1) D:5
   Lair: D:8-11

Altars:
Cheibriados
Elyvilon
Gozag
Hepliaklqana
Kikubaaqudgha
Okawaru
Ru
Sif Muna
Trog
Uskayaw
Vehumet
Wu Jian
Yredelemnul
Zin
The Shining One
Ignis


Innate Abilities, Weirdness & Mutations

You have razor-sharp teeth.
Your natural rate of healing is unusually fast.
When hurt, damage is shared between your health and your magic reserves.
Your bite disrupts and absorbs the magic of your enemies.
Potions cannot restore your health.


Message History

The freezing wraith hits you but does no damage. x3
You hit the freezing wraith but do no damage.
The freezing wraith is moderately damaged.
The freezing wraith hits you but does no damage. x2
You hit the freezing wraith but do no damage.
You bite the freezing wraith, but do no damage.
The freezing wraith is moderately damaged.
The freezing wraith hits you but does no damage. x2
You barely miss the freezing wraith.
You bite the freezing wraith, but do no damage.
The freezing wraith is moderately damaged.
You feel yourself speed up. The freezing wraith barely misses you.
The freezing wraith hits you. The freezing wraith barely misses you.
The freezing wraith hits you but does no damage.
You hit the freezing wraith. You bite the freezing wraith! You drain its power.
You feel invigorated.
The freezing wraith is heavily damaged.
The freezing wraith hits you but does no damage.
The freezing wraith closely misses you.
You barely miss the freezing wraith. You bite the freezing wraith.
You drain its power.
The freezing wraith is severely damaged.
The freezing wraith hits you. The freezing wraith freezes you!
The freezing wraith hits you! The freezing wraith drains your vigour!
You feel yourself slow down.
You closely miss the freezing wraith. Your bite misses the freezing wraith.
The freezing wraith is severely damaged.
The freezing wraith hits you. The freezing wraith freezes you!!
The freezing wraith hits you!
* * * LOW HITPOINT WARNING * * *
The freezing wraith drains your vigour!
You feel as though you will be slow longer.
You hit the freezing wraith.
The freezing wraith is severely damaged.
The freezing wraith hits you.
* * * LOW HITPOINT WARNING * * *
The freezing wraith freezes you!!
You die...
Your body crumbles into a pile of gold.

##.## ♣..♣ #...# ♣♣..♣
##...## ♣♣).♣
#..)..#♣♣).♣# #.....#♣).♣♣
$ #.P~.)))..♣♣ ♣♣
#...).#♣♣$$♣♣ ..♣ $
#####.....# ♣♣..♣♣ ♣..♣
....##.).## ♣♣.@♣♣ ♣..♣
###.##...# ♣♣.W♣♣..♣
#.###.## ♣♣....♣ ###.# ♣.♣
♣♣.(♣♣ ....# ♣.♣ ♣.♣♣
#.#.# ### #####♣.♣ ###
#.#.#♣♣.♣♣ ♣♣.)..♣)♣....♣
#.#.#♣.♣.♣♣♣.≈≈≈≈~≈~≈≈≈≈.♣
#.....♣♣♣...≈≈≈≈~≈~≈~≈≈≈≈.


You could see a freezing wraith.

Vanquished Creatures
  A two-headed ogre (D:7)
  A troll (D:7)
  Grinder (D:5)
  Sigmund (D:2)
  A slime creature (D:7)
  A shadow (D:7)
  A wraith (D:7)
  A steam dragon (D:7)
  Edmund (D:5)
  2 water moccasins
  Duvessa (D:5)
  2 black bears (D:7)
  3 ice beasts
  2 sky beasts
  An orc warrior (D:7)
  3 ogres
  2 centaurs (D:7)
  A phantom (D:7)
  2 bullfrogs
  Blork the orc (D:5)
  A gnoll sergeant (D:7)
  4 scorpions
  A wight (D:7)
  Dowan (D:5)
  5 killer bees (D:5)
  An electric eel (D:7)
  2 sleepcaps
  A gnoll bouda (D:5)
  8 hounds
  A jelly (D:4)
  3 orc priests
  An iguana (D:6)
  Terence (D:3)
  Natasha (thrice) (D:2)
  6 orc wizards
  11 gnolls
  6 adders
  2 shadow imps
  A white imp (D:7)
  An ufetubus (D:5)
  2 dart slugs
  21 orcs
  6 ball pythons
  8 bats
  9 endoplasms
  4 giant cockroaches (D:1)
  13 goblins
  9 hobgoblins
  6 jackals
  12 kobolds
  3 quokkas
  3 frilled lizards
  8 rats
193 creatures vanquished.

Vanquished Creatures (others)
  13 plants
13 creatures vanquished.

Grand Total: 206 creatures vanquished

Notes
Turn   | Place    | Note
-------+----------+-------------------------------------------
     0 | D:1      | DeathPants the Vine Stalker Gladiator began the quest for
                  | the Orb.
     0 | D:1      | Reached XP level 1. HP: 11/11 MP: 2/2
    88 | D:1      | Reached XP level 2. HP: 15/15 MP: 3/3
   375 | D:1      | Reached skill level 3 in Staves
   378 | D:1      | Reached XP level 3. HP: 17/18 MP: 4/4
   458 | D:1      | Reached skill level 1 in Armour
  1077 | D:2      | Noticed Sigmund
  1086 | D:2      | Killed Sigmund
  1087 | D:2      | Gained mutation: Your natural rate of healing is unusually
                  | fast. [Vine Stalker growth]
  1087 | D:2      | Reached XP level 4. HP: 24/24 MP: 5/5
  1087 | D:2      | Reached XP level 5. HP: 28/28 MP: 6/6
  1156 | D:2      | Learned a level 2 spell: Blink
  1184 | D:2      | Noticed Natasha
  1192 | D:2      | Killed Natasha
  1193 | D:2      | Reached XP level 6. HP: 32/32 MP: 7/7
  1370 | D:2      | Noticed Natasha
  1376 | D:2      | Killed Natasha
  1601 | D:2      | Noticed Natasha
  1610 | D:2      | Killed Natasha
  1611 | D:2      | Reached skill level 1 in Translocations
  1658 | D:2      | Reached skill level 1 in Spellcasting
  1847 | D:3      | Reached skill level 4 in Staves
  2149 | D:3      | Noticed Terence
  2162 | D:3      | Killed Terence
  2305 | D:3      | Found a white marble altar of Elyvilon.
  2380 | D:4      | Reached XP level 7. HP: 36/36 MP: 10/10
  2393 | D:4      | Found an opulent altar of Gozag.
  2423 | D:4      | Became a worshipper of Gozag Ym Sagoz the Greedy
  2566 | D:3      | Found a faded altar of an unknown god.
  3243 | D:4      | Found an iron altar of Okawaru.
  3266 | D:5      | Entered Level 5 of the Dungeon
  3748 | D:6      | Gained mutation: You have razor-sharp teeth. [Vine Stalker
                  | growth]
  3748 | D:6      | Reached XP level 8. HP: 39/42 MP: 13/13
  3798 | D:5      | Noticed Dowan
  3828 | D:5      | Reached skill level 5 in Staves
  3833 | D:5      | Killed Dowan
  3872 | D:5      | Found a staircase to the Ecumenical Temple.
  3909 | D:5      | Noticed Blork the orc
  3918 | D:5      | Killed Blork the orc
  3980 | D:5      | Noticed Duvessa
  3989 | D:5      | Killed Duvessa
  4097 | D:5      | Learned a level 5 spell: Agony
  4165 | D:5      | Reached XP level 9. HP: 40/46 MP: 16/16
  4167 | D:5      | Reached skill level 5 in Fighting
  4237 | D:5      | Noticed Grinder
  4242 | D:5      | Killed Grinder
  4243 | D:5      | Reached skill level 1 in Necromancy
  4344 | D:5      | Noticed Edmund
  4351 | D:5      | Killed Edmund
  4590 | Temple   | Entered the Ecumenical Temple
  4816 | D:6      | Reached skill level 6 in Staves
  5236 | D:7      | Reached skill level 5 in Spellcasting
  5240 | D:7      | Reached skill level 5 in Translocations
  5513 | D:7      | Reached XP level 10. HP: 27/53 MP: 9/19
  5638 | D:7      | Reached skill level 7 in Staves
  5695 | D:7      | Noticed a two-headed ogre
  5712 | D:7      | Killed a two-headed ogre
  5713 | D:7      | Reached skill level 5 in Necromancy
  5823 | D:7      | Slain by a freezing wraith

Illustrated notes

Levels and vault maps discovered:
D:1:      eino_arrival_cavern_d, layout_loops_corners, amcnicky_mini_pool_small,
          serial_bayou_pond_b, hex_medium, st_stairs_6
D:2:      layout_loops_ring, uniq_sigmund, uniq_natasha
D:3:      corexii_shack_village, layout_basic, nicolae_elyvilon_temple_path,
          shapermc_ecumenical_altar_notcrosses, roderic_lattice_a, minivault_11,
          nicolae_figureground_sparkle, uniq_terence
D:4:      layout_cave_pools, overflow_temple_1_default, grunt_gozag_statues,
          chequers_serial_rivers_micro_c, minmay_fountain_box,
          serial_park_tiny_2
D:5:      layout_loops_ring, temple_fountains, uniq_blork_the_orc, uniq_edmund,
          uniq_grinder, uniq_duvessa
D:6:      layout_basic
D:7:      nzn_winding_woodlands_large [nzn_winding_woodlands_5x5_open_star,
          nzn_winding_woodlands_5x15_pathside_ponds,
          nzn_winding_woodlands_5x5_default,
          nzn_winding_woodlands_center_triple_pond,
          nzn_winding_woodlands_15x15_thick_spiral,
          nzn_winding_woodlands_center_garden, nzn_winding_woodlands_5x5_cross,
          nzn_winding_woodlands_5x15_river_crossing,
          nzn_winding_woodlands_5x5_closed_star], layout_basic, serial_shops,
          shop_statue
D:8:      layout_loops_cross, grunt_qazlal_clouds,
          mainiacjoe_overflow_large_starburst, serial_shops,
          nicolae_shop_statue_plus, gammafunk_ghost_icy, centaur_isle
Temple:   pdpol_scorched_temple

Skill      XL: |  1  2  3  4  5  6  7  8  9 10 |
---------------+-------------------------------+-----
Fighting       | 2 3 4 6 |  6.9
Staves         | 3 4 5 6 7 |  7.3
Armour         | 2 3 |  3.7
Dodging        | 3 |  3.3
Translocations | 1 2 4 5 |  5.0
Spellcasting   | 1 2 4 5 6 |  6.6
Necromancy     | 3 5 |  5.0
Throwing       | |  1.7

Action                     |  1- 3 |  4- 6 |  7- 9 | 10-12 || total
---------------------------+-------+-------+-------+-------++-------
  Melee: Quarterstaff      |    99 |   127 |   265 |    81 ||   572
         Bite              |    23 |    31 |    78 |    32 ||   164
  Throw: Throwing net      |     1 |       |     1 |     1 ||     3
         Javelin           |       |       |       |     1 ||     1
  Evoke: Wand              |       |       |       |     2 ||     2
    Use: Scroll            |     5 |     1 |     9 |       ||    15
         Potion            |       |       |       |     1 ||     1
   Stab: Distracted        |     1 |     1 |       |       ||     2
         Sleeping          |     1 |     3 |     1 |       ||     5
         Held in net/web   |     1 |       |     1 |     2 ||     4
 Armour: Leather armour    |    43 |    20 |    95 |    33 ||   191
         Scale mail        |       |    24 |   101 |       ||   125
  Dodge: Dodged            |    74 |    89 |   215 |    29 ||   407

Table legend: (Time is in decaauts)
 A = Elapsed time spent in this place.
 B = Non-inter-level travel time spent in this place.
 C = Inter-level travel time spent in this place.
 D = Time resting spent in this place.
 E = Time spent auto-exploring this place.
 F = Levels seen in this place.
 G = Mean time per level.
                   A        B        C        D        E       F      G
               +--------+--------+--------+--------+--------+-----+--------+
         Total |   5853 |   5660 |    193 |      0 |   3820 |   9 |  650.3 |
       Dungeon |   5798 |   5616 |    182 |      0 |   3786 |   8 |  724.8 |
        Temple |     55 |     44 |     11 |      0 |     34 |   1 |   55.0 |
               +--------+--------+--------+--------+--------+-----+--------+

Top non-repeatable levels by time:
     D:3: 1272 daAuts
     D:1: 991 daAuts
     D:5: 854 daAuts
     D:2: 757 daAuts
     D:4: 713 daAuts
     D:7: 646 daAuts
     D:6: 532 daAuts
  Temple: 55 daAuts
     D:8: 30 daAuts
